 Dungeon Crawl Stone Soup version bcrawl-1.27.8b (webtiles) character file.

Game seed: 18037358921397920810

658400 pheathergobbo575 the Wrestler (level 15, -4/136 HPs)
             Began as a Troll Abyssal Knight on Nov 10, 2020.
             Was a High Priest of Lugonu.
             Slain by an emperor scorpion (7 damage)
             ... on level 2 of the Spider Nest.
             The game lasted 00:52:23 (17146 turns).

pheathergobbo575 the Wrestler (TrAK)               Turns: 17146, Time: 00:52:23

Health: -4/136     AC: 16    Str: 29    XL:     15   Next: 47%
Magic:  17/17      EV: 15    Int: 14    God:    Lugonu [*****.]
Gold:   638        SH: 11    Dex:  9    Spells: 14/14 levels left

rFire    . . .     SeeInvis .     - Claws (50.0)
rCold    + . .     Gourm    +   J - +0 medium shield {AC+3}
rNeg     . . .     Faith    .   (armour unavailable)
rPois    +         Spirit   .   f - +2 hat of Ymucoaga {Int+5}
rElec    .         Reflect  .   k - scarf {repulsion}
rCorr    .         Harm     .   (gloves unavailable)
MR       +....                  (boots unavailable)
Stlth    +.........             G - amulet of magic regeneration
HPRegen  1.12/turn              c - ring of poison resistance
MPRegen  0.40/turn              g - +5 ring of evasion

@: lethally poisoned (-4 -> -5), repel missiles
A: large, almost no armour, claws 3, repulsion field 1, cold resistance 1, fast
metabolism 3, gourmand, low mp 1, regeneration 2, AC +11
a: Depart the Abyss, Bend Space, Banish, Corrupt, Enter the Abyss, Renounce
Religion


You were on level 2 of the Spider Nest.
You worshipped Lugonu.
Lugonu was extremely pleased with you.
You were very full.

You visited 5 branches of the dungeon, and saw 19 of its levels.
You visited the Abyss 1 time.
You also visited: Sewer.

You collected 2129 gold pieces.
You spent 1491 gold pieces at shops.

Inventory:

Missiles
 a - 10 tomahawks of dispersal {=f}
 t - 1141 large rocks (quivered)
 A - 1056 javelins
Armour
 b - the +5 large shield of the Orange Skies {rF+ Int+4 Stlth+, unknown}
   (Lugonu gifted it to you on level 2 of the Spider Nest)

   It affects your intelligence (+4).
   It protects you from fire.
   It makes you more stealthy.
 f - the +2 hat of Ymucoaga (worn) {Int+5}
   (Lugonu gifted it to you in the Orcish Mines)

   It affects your intelligence (+5).
 k - a scarf of repulsion (worn)
 z - a +1 large shield of protection
 J - a +0 medium shield of protection (worn)
Jewellery
 c - a ring of poison resistance (left claw)
 d - an uncursed ring of magical power
 g - a +5 ring of evasion (right claw)
 w - a +4 ring of dexterity
 G - an amulet of magic regeneration (around neck)
Wands
 K - a wand of iceblast (9)
 T - a wand of digging (6)
 V - a wand of clouds (7)
 W - a wand of scattershot (4)
Scrolls
 e - 7 scrolls of teleportation
 h - 3 scrolls of identify
 i - a scroll of fear
 s - 12 scrolls of remove curse
 y - 2 scrolls of blinking
 Q - 2 scrolls of enchant weapon
Potions
 l - a potion of magic
 n - 3 potions of haste
 o - 4 potions of heal wounds
 C - 8 potions of curing
 D - 3 potions of berserk rage
 E - 2 potions of lignification
 R - 2 potions of might
Comestibles
 p - 31 rations {!d}


   Skills:
 + Level 5.9 Fighting
 - Level 7.0 Throwing
 - Level 1.9 Dodging
 + Level 7.4 Shields
 * Level 21.2 Unarmed Combat
 - Level 7.0 Invocations


You had 14 spell levels left.
You didn't know any spells.
Your spell library contained the following spells:

 Spells                   Type           Power        Failure   Level  Hunger
 Corona                   Hex            #......      67%         1    None
 Summon Small Mammal      Summ           #...         67%         1    None
 Call Imp                 Summ           #.....       82%         2    ####...
 Corpse Rot               Necr           N/A          82%         2    ####...
 Ensorcelled Hibernation  Hex/Ice        #.....       82%         2    ####...
 Call Canine Familiar     Summ           #.......     96%         3    #####..
 Confuse                  Hex            #.......     96%         3    #####..
 Dazzling Orbs            Conj/Hex       #......      96%         3    #####..
 Stone Arrow              Conj/Erth      #.....       96%         3    #####..
 Tukima's Dance           Hex            #.......     96%         3    #####..
 Summon Forest            Summ/Tloc      #.........   99%         5    #######
 Summon Ice Beast         Ice/Summ       #.......     100%        4    ######.
 Tree Form                Hex/Tmut       N/A          100%        4    ######.
 Summon Lightning Spire   Summ/Air       #.......     100%        5    #######
 Borgnjor's Vile Clutch   Necr/Erth      #.........   100%        6    #######
 Darkness                 Hex            #.........   100%        6    #######
 Infestation              Hex/Tmut/Pois  #........    100%        6    #######
 Poison Arrow             Conj/Pois      #.........   100%        6    #######
 Shadow Creatures         Summ           N/A          100%        6    #######
 Summon Hydra             Summ           #.........   100%        6    #######
 Time Stop                Chrm/Tloc      N/A          100%        8    #######


Dungeon Overview and Level Annotations

Branches:
Dungeon (9/12)             Temple (1/1) D:6            Lair (6/6) D:7
  Swamp (0/3) Lair:2       Spider (2/3) Lair:3        Slime (0/5) Lair:5
    Orc (1/1) D:8             Elf (0/3) Orc

Altars:
Cheibriados
Dithmenos
Elyvilon
Gozag
Hepliaklqana
Kikubaaqudgha
Makhleb
Nemelex Xobeh
Ru
Sif Muna
Wu Jian
The Shining One
Jiyva

Shops:
D:6 !   D:8 *   D:9 *   Orc *}=*}

Annotations:
D:9 3 runed translucent doors, Tiny's ghost, journeyman SpAM
Spider:2 2 transporters


Innate Abilities, Weirdness & Mutations

You cannot wear most types of armour.
Your thick skin is tough. (AC +11)
You are too large for most types of armour.
You have claws for hands.
Your metabolism is lightning-fast.
You like to eat raw meat.
You heal very quickly.
You are surrounded by a mild repulsion field. (EV +2)
Your flesh is cold resistant. (rC+)
Your magical capacity is low. (-10% MP)


Message History

The emperor scorpion barely misses you.
You block the emperor scorpion's attack.
You scratch the emperor scorpion but do no damage.
Space bends around the emperor scorpion.
The emperor scorpion is heavily wounded.
You eviscerate the emperor scorpion!!!
Space warps horribly around the emperor scorpion!!
The emperor scorpion is almost dead.
You feel sick. The emperor scorpion stings you!
* * * LOW HITPOINT WARNING * * *
You block the emperor scorpion's attack.
The emperor scorpion claws you but does no damage.
You miss the emperor scorpion.
The emperor scorpion is almost dead.
You feel sick.
You block the emperor scorpion's attack.
The emperor scorpion claws you.
* * * LOW HITPOINT WARNING * * *
The emperor scorpion claws you!
You die...

#...##..>.####.####.††.
##..†......##^...^###..
###....###..#.......†..
#.##..##.#..#..###...##
#.....#.....#....#####
#.....##...##.......#
#.#^.†.^...######...##
#...#s..#...# ##...##
#..^<.@.##...... #....#
#..†#....#...... ##..##
#...##!..##.###.. #..##
#............ . ##...
#..........#.. ##.[
#..........#... ###...
#.s#....#..#. ## #....#
#..###.##..#..#..#.†###
#.. ### .###....#.....


You could see an emperor scorpion.

Vanquished Creatures
  Louise (Spider:1)
  An emperor scorpion (Spider:2)
  Josephine (Lair:4)
  The ghost of Banto the Basher, a journeyman DgWn of Demigod (D:7)
  Psyche (D:8)
  An alligator (Lair:6)
  A queen ant (Lair:6)
  2 death yaks (Lair:4)
  2 two-headed ogres
  4 orc high priests (Orc)
  Pikel (D:7)
  4 orb spiders
  A cyclops (Orc)
  9 wolf spiders
  2 orc sorcerers (Orc)
  A centaur zombie (D:9)
  A moth of wrath (D:7)
  A guardian serpent (Lair:6)
  9 black mambas
  12 elephants
  Joseph (D:7)
  A torpor snail (Lair:6)
  13 cane toads
  A gargoyle (D:6)
  2 demonic crawlers (Spider:1)
  3 rime drakes
  6 komodo dragons
  3 meliai (Spider:2)
  4 trolls
  9 jumping spiders
  A queen bee (Spider:2)
  2 polar bears
  23 blink frogs
  8 hornets
  10 hippogriffs
  A slime creature (Lair:5)
  10 dream sheep (Lair:6)
  Prince Ribbit (D:7)
  12 spriggans (Lair:5)
  32 yaks
  17 tarantellas
  13 wyverns
  4 wraiths (Lair:4)
  49 redbacks
  A basilisk (Lair:2)
  A hungry ghost (D:7)
  A warg (Orc)
  5 soldier ants
  19 crocodiles
  14 water moccasins
  10 porcupines
  2 sky beasts (D:6)
  4 ice beasts
  18 orc warriors
  2 slaves (D:7)
  8 necrophages
  3 boggarts (Lair:5)
  A phantom (D:8)
  A black bear (D:9)
  49 wolves
  8 ogres
  3 centaurs
  9 bullfrogs
  Blork the orc (D:6)
  14 wights
  6 killer bees (Spider:2)
  5 electric eels
  3 crimson imps (D:5)
  3 jellies (Lair:5)
  A bullfrog zombie (D:7)
  A quasit (D:9)
  18 orc wizards
  26 orc priests
  3 centaur skeletons
  7 hounds
  15 worker ants
  2 iguanas
  A hound zombie (D:5)
  A worker ant zombie (D:8)
  9 adders
  2 river rats (D:4)
  4 shadow imps
  An ooze (D:2)
  2 adder skeletons
  2 adder zombies
  8 worms
  5 dart slugs
  8 leopard geckos
  51 orcs
  7 ball pythons
  9 bats
  6 giant cockroaches
  5 goblins
  5 hobgoblins
  6 jackals
  7 kobolds
  A quokka (D:3)
  8 frilled lizards
  2 quokka skeletons
  15 rats
  3 fungi
  2 plants
716 creatures vanquished.

Vanquished Creatures (others)
  4 entropy weavers
  5 hydras
  An orb spider (Spider:2)
  A slave (D:7)
  3 bushes
  23 fungi
  54 plants
91 creatures vanquished.

Grand Total: 807 creatures vanquished

Notes
Turn   | Place    | Note
-------+----------+-------------------------------------------
     0 | Abyss:1  | pheathergobbo575 the Troll Abyssal Knight began the quest
                  | for the Orb.
     0 | Abyss:1  | Reached XP level 1. HP: 22/22 MP: 1/1
    50 | D:1      | Escaped the Abyss
   222 | D:1      | Reached XP level 2. HP: 29/29 MP: 2/2
   266 | D:1      | Reached skill level 3 in Unarmed Combat
   588 | D:1      | Reached XP level 3. HP: 36/36 MP: 3/3
   729 | D:1      | Reached ** piety under Lugonu
  1215 | D:2      | Reached skill level 4 in Unarmed Combat
  1360 | D:2      | Found a sacrificial altar of Ru.
  1706 | D:2      | Gained mutation: Your natural rate of healing is unusually
                  | fast. [Troll growth]
  1706 | D:2      | Reached XP level 4. HP: 44/44 MP: 4/4
  1876 | D:3      | Reached skill level 5 in Unarmed Combat
  1876 | D:3      | Reached XP level 5. HP: 37/50 MP: 5/5
  1885 | D:3      | Reached *** piety under Lugonu
  1910 | D:3      | Found an ornate altar of the Wu Jian Council.
  2094 | D:3      | Reached skill level 6 in Unarmed Combat
  2134 | D:3      | Reached XP level 6. HP: 59/59 MP: 6/6
  2235 | D:3      | Found an ancient bone altar of Kikubaaqudgha.
  2470 | D:4      | Found a glowing drain.
  2481 | Sewer    | Entered a sewer
  2629 | Sewer    | Reached skill level 7 in Unarmed Combat
  2687 | Sewer    | Reached XP level 7. HP: 39/66 MP: 7/7
  3122 | D:4      | Found a burning altar of Makhleb.
  3122 | D:4      | Noticed a balrug
  3125 | D:4      | Noticed an orange demon
  3125 | D:4      | Noticed a neqoxec
  3235 | D:4      | Reached skill level 8 in Unarmed Combat
  3281 | D:4      | Reached **** piety under Lugonu
  3620 | D:5      | Entered Level 5 of the Dungeon
  3705 | D:5      | Reached skill level 9 in Unarmed Combat
  3730 | D:5      | Received a gift from Lugonu
  3919 | D:5      | Reached XP level 8. HP: 73/74 MP: 8/8
  3992 | D:5      | Found a shimmering blue altar of Sif Muna.
  4033 | D:5      | Reached skill level 1 in Shields
  4033 | D:5      | Reached skill level 10 in Unarmed Combat
  4555 | D:6      | Reached skill level 11 in Unarmed Combat
  4569 | D:6      | Found Gicyax's Distillery.
  4580 | D:6      | Bought a potion of curing for 32 gold pieces
  4609 | D:6      | Noticed a hippogriff
  4652 | D:6      | Killed a hippogriff
  4652 | D:6      | Reached XP level 9. HP: 74/80 MP: 9/9
  4678 | D:6      | Bought a potion of curing for 32 gold pieces
  4678 | D:6      | Bought a potion of curing for 32 gold pieces
  4678 | D:6      | Bought a potion of heal wounds for 65 gold pieces
  4678 | D:6      | Bought a potion of curing for 32 gold pieces
  4678 | D:6      | Bought a potion of berserk rage for 39 gold pieces
  4678 | D:6      | Bought a potion of haste for 130 gold pieces
  4802 | D:6      | Noticed a gargoyle
  4805 | D:6      | Killed a gargoyle
  4848 | D:6      | Found a snail-covered altar of Cheibriados.
  4897 | D:6      | Found a staircase to the Ecumenical Temple.
  4903 | Temple   | Entered the Ecumenical Temple
  4942 | D:6      | Reached skill level 12 in Unarmed Combat
  5130 | D:6      | Noticed Blork the orc
  5151 | D:6      | Killed Blork the orc
  5459 | D:7      | Found a white marble altar of Elyvilon.
  5554 | D:7      | Found a shadowy altar of Dithmenos.
  5594 | D:7      | Found a staircase to the Lair.
  5596 | D:7      | Noticed a troll
  5644 | D:7      | Killed a troll
  5728 | D:7      | Reached skill level 13 in Unarmed Combat
  5728 | D:7      | Reached XP level 10. HP: 87/91 MP: 10/10
  5734 | D:7      | Noticed Prince Ribbit
  5737 | D:7      | Noticed Joseph
  5738 | D:7      | Noticed Pikel
  5743 | D:7      | Killed Prince Ribbit
  5745 | D:7      | Found a hazy altar of Hepliaklqana.
  5770 | D:7      | Killed Joseph
  5788 | D:7      | Killed Pikel
  5904 | D:7      | Found a transporter.
  5908 | D:7      | Noticed Banto's ghost (journeyman DgWn)
  5910 | D:7      | Noticed a moth of wrath
  5939 | D:7      | Found a transporter.
  5985 | D:7      | Killed a moth of wrath
  5990 | D:7      | Reached skill level 14 in Unarmed Combat
  6001 | D:7      | Killed Banto's ghost
  6004 | D:7      | Got a sparkling glass ring
  6285 | D:8      | Found a staircase to the Orcish Mines.
  6293 | D:8      | Noticed Psyche
  6390 | D:8      | Killed Psyche
  6426 | D:8      | Reached XP level 11. HP: 98/98 MP: 11/11
  6643 | D:8      | Found Vushrutt's Assorted Antiques.
  6649 | D:8      | Bought a potion of heal wounds for 135 gold pieces
  6649 | D:8      | Bought a potion of heal wounds for 135 gold pieces
  6649 | D:8      | Bought a lumpy yellow potion for 24 gold pieces
  6649 | D:8      | Bought a yellow potion for 24 gold pieces
  6660 | D:8      | Found a sparkling altar of Nemelex Xobeh.
  6741 | D:8      | Found a glowing golden altar of the Shining One.
  6979 | D:8      | Found an opulent altar of Gozag.
  7235 | D:9      | Reached skill level 15 in Unarmed Combat
  7325 | D:9      | Identified the cursed ring "Ufitub" {MP+9 Int-2 Dex+3} (You
                  | found it on level 7 of the Dungeon)
  7559 | D:9      | Found a runed translucent gate.
  7561 | D:9      | Found a runed translucent gate.
  7561 | D:9      | Found an opulent altar of Gozag.
  7561 | D:9      | Noticed a centaur warrior
  7562 | D:9      | Found a runed translucent gate.
  7562 | D:9      | Noticed a deep elf mage
  7562 | D:9      | Noticed a wolf spider
  7563 | D:9      | Found Yjutey's Assorted Antiques.
  7563 | D:9      | Noticed Tiny's ghost (journeyman SpAM)
  7619 | D:9      | Noticed a two-headed ogre
  7625 | D:9      | Killed a two-headed ogre
  7676 | D:9      | Received a gift from Lugonu
  8144 | Lair:1   | Entered Level 1 of the Lair of Beasts
  8223 | Lair:1   | Received a gift from Lugonu
  8223 | Lair:1   | Reached skill level 5 in Shields
  8253 | Lair:1   | Reached skill level 16 in Unarmed Combat
  9075 | Lair:1   | Gained mutation: You heal very quickly. [Troll growth]
  9075 | Lair:1   | Reached XP level 12. HP: 40/109 MP: 12/12
  9440 | Lair:2   | Reached skill level 17 in Unarmed Combat
  9492 | Lair:2   | Found a staircase to the Swamp.
  9825 | Lair:3   | Noticed a seven-headed hydra
 10189 | Lair:3   | Reached skill level 5 in Invocations
 10455 | Lair:3   | Found a hole to the Spider Nest.
 10851 | Lair:4   | Noticed a five-headed hydra
 10852 | Lair:4   | Banished a five-headed hydra
 11026 | Lair:4   | Noticed a seven-headed hydra
 11030 | Lair:4   | Banished a seven-headed hydra
 11051 | Lair:4   | Reached XP level 13. HP: 103/117 MP: 17/17
 11119 | Lair:4   | Noticed Josephine
 11145 | Lair:4   | Killed Josephine
 11191 | Lair:4   | Reached skill level 5 in Fighting
 11301 | Lair:4   | Reached skill level 18 in Unarmed Combat
 11396 | Lair:4   | Received a gift from Lugonu
 12010 | Lair:5   | Found a staircase to the Slime Pits.
 12010 | Lair:5   | Found a viscous altar of Jiyva.
 12183 | Lair:5   | Reached ***** piety under Lugonu
 12183 | Lair:5   | Received a gift from Lugonu
 12799 | Lair:6   | Entered Level 6 of the Lair of Beasts
 12815 | Lair:6   | HP: 4/118 [alligator (6)]
 12820 | Lair:6   | HP: 1/118 [blink frog (13)]
 12842 | Lair:6   | Received a gift from Lugonu
 12849 | Lair:6   | Reached skill level 19 in Unarmed Combat
 12990 | Lair:6   | Noticed an entropy weaver
 12991 | Lair:6   | Banished an entropy weaver
 13086 | Lair:6   | Received a gift from Lugonu
 13161 | Lair:6   | Reached XP level 14. HP: 99/127 MP: 18/18
 13456 | Lair:6   | Received a gift from Lugonu
 13487 | Lair:6   | Got an ichor-stained scimitar
 13599 | Lair:6   | Reached skill level 20 in Unarmed Combat
 13626 | Lair:6   | Received a gift from Lugonu
 14000 | Lair:6   | Received a gift from Lugonu
 14378 | Lair:1   | Gained mutation: Your magical capacity is low. (-10% MP)
                  | [potion of mutation]
 14378 | Lair:1   | Gained mutation: You are surrounded by a mild repulsion
                  | field. (EV +2) [potion of mutation]
 14378 | Lair:1   | Gained mutation: Your flesh is cold resistant. (rC+)
                  | [potion of mutation]
 14447 | Orc      | Entered the Orcish Mines
 14589 | Orc      | Received a gift from Lugonu
 14628 | Orc      | Reached skill level 1 in Throwing
 14807 | Orc      | Found a staircase to the Elven Halls.
 14829 | Orc      | Found Imeich's Gadget Shoppe.
 15037 | Orc      | Received a gift from Lugonu
 15071 | Orc      | Got a bloodstained hat {god gift}
 15082 | Orc      | Identified the +2 hat of Ymucoaga {Int+5} (Lugonu gifted it
                  | to you in the Orcish Mines)
 15261 | Orc      | Found Kerhoz's General Store.
 15261 | Orc      | Found Liepseq's Gadget Shop.
 15264 | Orc      | Found Datepnam's General Store.
 15266 | Orc      | Found Hetiny's Jewellery Boutique.
 15269 | Orc      | Bought an uncursed ring of poison resistance for 220 gold
                  | pieces
 15282 | Orc      | Bought a +5 ring of evasion for 591 gold pieces
 15658 | Spider:1 | Entered Level 1 of the Spider Nest
 15668 | Spider:1 | Noticed Louise
 15671 | Spider:1 | Reached skill level 5 in Throwing
 15680 | Spider:1 | Killed Louise
 15837 | Spider:1 | Reached XP level 15. HP: 130/136 MP: 17/17
 16783 | Spider:2 | Found a transporter.
 16785 | Spider:2 | Found a transporter.
 17039 | Spider:2 | Received a gift from Lugonu
 17039 | Spider:2 | Reached skill level 21 in Unarmed Combat
 17042 | Spider:2 | Got a polished large shield {god gift}
 17146 | Spider:2 | HP: 3/136 [emperor scorpion (5)]
 17146 | Spider:2 | Slain by an emperor scorpion

Skill      XL: |  1  2  3  4  5  6  7  8  9 10 11 12 13 14 15 |
---------------+----------------------------------------------+-----
Unarmed Combat | 3 4 5 6 7 9 11 13 14 16 17 19 20 21 | 21.2
Shields        | 2 3 4 5 6 7 |  7.4
Fighting       | 3 4 5 |  5.9
Invocations    | 7 |  7.0
Throwing       | 6 7 |  7.0
Dodging        | |  1.9

Action                   |  1- 3 |  4- 6 |  7- 9 | 10-12 | 13-15 || total
-------------------------+-------+-------+-------+-------+-------++-------
Melee: Unarmed           |    93 |   127 |   217 |   587 |   855 ||  1879
       Punch             |     2 |     2 |    10 |    15 |       ||    29
Throw: Large rock        |       |       |       |       |   114 ||   114
Invok: Bend Space        |       |       |       |     3 |     3 ||     6
       Banish            |       |       |       |     5 |    13 ||    18
Evoke: Wand              |       |       |       |       |     1 ||     1
  Use: Scroll            |     3 |     1 |       |    15 |     8 ||    27
       Potion            |       |     2 |       |       |    14 ||    16
 Stab: Sleeping          |     1 |       |       |     1 |       ||     2
       Distracted        |       |       |       |     1 |       ||     1
  Eat: Chunk             |    18 |     8 |    26 |    42 |    55 ||   149
Armor: Skin              |    33 |    44 |    88 |   229 |   264 ||   658
Dodge: Dodged            |    52 |    68 |    73 |   208 |   273 ||   674
       Deflected         |     1 |     2 |     2 |     3 |     5 ||    13
Block: Medium shield     |       |       |       |   192 |   391 ||   583
